 Dungeon Crawl Stone Soup version 0.29.0-4-gdea44cf6ec (webtiles) character file.

Game seed: 11936530260467220956

41 qw the Chopper (level 3, 0/21 HPs)
             Began as a Tengu Warper on Aug 28, 2022.
             Constricted to death by a ball python (1 damage)
             ... on level 1 of the Dungeon.
             The game lasted 00:00:04 (952 turns).

qw the Chopper (Tengu Warper)                        Turns: 952, Time: 00:00:04

Health: 0/21       AC:  3    Str: 13    XL:     3   Next: 52%
Magic:  7/7        EV:  9    Int: 13    God:
Gold:   16         SH:  0    Dex: 13    Spells: 6/6 levels left

rFire   . . .      SeeInvis .   a - +0 hand axe
rCold   . . .      Faith    .   (no shield)
rNeg    . . .      Spirit   .   b - +0 leather armour
rPois   .          Reflect  .   (helmet restricted)
rElec   .          Harm     .   (no cloak)
rCorr   .          Rampage  .   (no gloves)
Will    .....                   (boots unavailable)
Stlth   +.........              (no amulet)
HPRegen 0.07/turn               (no ring)
MPRegen 0.10/turn               (no ring)

@: constricted
A: beak, talons 3
a: no special abilities


You were on level 1 of the Dungeon.
You visited 1 branch of the dungeon, and saw 1 of its levels.

You collected 16 gold pieces.


Innate Abilities, Weirdness & Mutations

You have a beak for a mouth.
You have claws for feet.


   Skills:
 - Level 2.0 Fighting
 + Level 4.2 Axes
 - Level 1.0 Throwing
 - Level 1.1 Armour
 - Level 2.1 Dodging
 - Level 2.0 Spellcasting
 - Level 2.4 Translocations


You had 6 spell levels left.
You didn't know any spells.
Your spell library contained the following spells:

 Spells                   Type           Power      Damage    Failure   Level
 Blink                    Tloc           14%        N/A       19%         2
 Gell's Gravitas          Tloc           7%         N/A       36%         3
 Lesser Beckoning         Tloc           7%         N/A       36%         3
 Teleport Other           Tloc           7%         N/A       36%         3
 Manifold Assault         Tloc           7%         N/A       98%         5

Inventory:

Hand Weapons
 a - a +0 hand axe (weapon)
 h - a +0 club
Armour
 b - a +0 leather armour (worn)
 e - a +0 ring mail
 g - a +0 chain mail
Scrolls
 c - a scroll of blinking
Potions
 f - a potion of lignification {unknown}
 i - 2 potions of resistance {unknown}

Dungeon Overview and Level Annotations

Branches:
Dungeon (1/15)

Altars:


Message History

You start resting.
HP restored.
You see here a ball python corpse.
A gnoll comes into view. It is wielding a +0 flail.
939 ||| Stepping ~*~*~tactically~*~*~ (stealth).
You see here a ball python corpse.
The gnoll shouts!
You hear an angry hiss.
A ball python comes into view.
You hit the gnoll. You peck the gnoll, but do no damage.
The gnoll is lightly wounded.
A hobgoblin comes into view.
The gnoll closely misses you. The gnoll hits you with a +0 flail!
Ouch! That really hurt!
A kobold comes into view. It is wielding a +0 club.
The hobgoblin moves out of view.
947 ||| Stepping ~*~*~tactically~*~*~ (stealth).
You see here a ball python corpse.
You hit the gnoll. You claw the gnoll. You peck the gnoll.
The gnoll is almost dead.
The gnoll hits you with a +0 flail!
You hit the gnoll but do no damage.
The gnoll is almost dead.
The gnoll misses you.
The hobgoblin shouts!
You hit the gnoll.
You kill the gnoll!
You hit the ball python.
You hear a shout!
The ball python bites you. The ball python barely misses you.
Your Axes skill increases to level 4!
You barely miss the ball python.
The ball python is moderately wounded.
The ball python misses you. The ball python grabs you.
The ball python constricts you. The ball python closely misses you.
The ball python constricts you.
You closely miss the ball python.
You claw the ball python, but do no damage.
The ball python is moderately wounded.
The ball python closely misses you. The ball python constricts you.
You die...

##### #... .
##.###.?..
#S)..g..K.
#@#####.K.
####.#
###########....#
#.%.........##)#
#.#########.##.#
#.# #.##.. #.#
#.#..## #.#
#..... #.#
#####.


You could see a hobgoblin, a ball python and a kobold.

Vanquished Creatures
  A gnoll (D:1)
  3 dart slugs (D:1)
  A ball python (D:1)
  4 endoplasms (D:1)
  A giant cockroach (D:1)
  3 goblins (D:1)
  A hobgoblin (D:1)
  4 quokkas (D:1)
  2 bats (D:1)
  A frilled lizard (D:1)
21 creatures vanquished.

Notes
Turn   | Place    | Note
-------+----------+-------------------------------------------
     0 | D:1      | qw the Tengu Warper began the quest for the Orb.
     0 | D:1      | Reached XP level 1. HP: 12/12 MP: 4/4
     0 | D:1      | 0 ||| qw: Version: 0.1-a-89-g26bdef1
     0 | D:1      | 0 ||| qw: Game counter: 2777
     0 | D:1      | 0 ||| qw: Always use a shield: true
     0 | D:1      | 0 ||| qw: God list: Okawaru
     0 | D:1      | 0 ||| qw: Allow faded altars: false
     0 | D:1      | 0 ||| qw: Do Orc after D:15 true
     0 | D:1      | 0 ||| qw: Do second Lair branch before Depths: true
     0 | D:1      | 0 ||| qw: Lair rune preference: random
     0 | D:1      | 0 ||| qw: Plans: Normal
     0 | D:1      | 0 ||| PLANNING D:1-11
   142 | D:1      | Reached skill level 3 in Axes
   142 | D:1      | Reached XP level 2. HP: 17/17 MP: 6/6
   164 | D:1      | 164 ||| Stepping ~*~*~tactically~*~*~ (hiding).
   422 | D:1      | 422 ||| Stepping ~*~*~tactically~*~*~ (hiding).
   592 | D:1      | Reached XP level 3. HP: 15/21 MP: 7/7
   902 | D:1      | 902 ||| Stepping ~*~*~tactically~*~*~ (stealth).
   939 | D:1      | 939 ||| Stepping ~*~*~tactically~*~*~ (stealth).
   947 | D:1      | 947 ||| Stepping ~*~*~tactically~*~*~ (stealth).
   948 | D:1      | HP: 2/21 [gnoll/+0 flail (8)]
   951 | D:1      | Reached skill level 4 in Axes
   952 | D:1      | Constricted to death by a ball python

Levels and vault maps discovered:
D:1:      dpeg_arrival_pits, layout_basic, minmay_split_cup_small

Skill      XL: |  1  2  3 |
---------------+----------+-----
Axes           | 3 4 |  4.2
Fighting       | |  2.0
Throwing       | |  1.0
Armour         | |  1.1
Dodging        | |  2.1
Spellcasting   | |  2.0
Translocations | |  2.4

Action                   || total
-------------------------++-------
Melee: Hand axe          ||    52
       Kick              ||    13
       Peck              ||     5
Throw: Boomerang         ||     7
 Stab: Sleeping          ||     1
Armor: Leather armour    ||     7
Dodge: Dodged            ||    26

Table legend:
 A = Non-vault XP
 B = Vault XP
 C = Vault XP percentage of total XP
 D = Non-vault monster count
 E = Vault monster count
 F = Vault count percentage of total count
                 A         B        C        D         E       F
            +---------+---------+-------+---------+---------+-------
      Total |      59 |       0 |   0.0 |      21 |       0 |   0.0
            +---------+---------+-------+---------+---------+-------
        D:1 |      59 |       0 |   0.0 |      21 |       0 |   0.0
            +---------+---------+-------+---------+---------+-------
